General information
- name: BNet
- type: Ladder team game (AT/RT)
- host: Battle.net
- saver: yumyumjam
map: Wetlands
- players: 4
- length: 37:05
- speed: Fast
- version: 1.26 W3XP
- replay type: Public
» download(183 KB)
Players
team 1 (winner)
nutsonyochin.de (
yellow | 95 APM | 3534 actions | 37:04)
7 Blademaster
3 Wind Walk
3 Critical Strike
1 Bladestorm
» actions
| Assign group hotkey | 20 | |
| Basic commands | 29 | |
| Build / train | 61 | |
| ESC pressed | 2 | |
| Enter build submenu | 36 | |
| Enter hero's abilities submenu | 7 | |
| Give item / drop item | 4 | |
| Right click | 2305 | |
| Select / deselect | 234 | |
| Select group hotkey | 665 | |
| Use ability | 171 | |
3534 total
» units
» upgrades
| Ranged Weapons | 4 | |
| Liquid Fire | 1 | |
| Reinforced Defenses | 1 | |
| Armor | 1 | |
| Troll Regeneration | 1 | |
8 total
» buildings
| War Mill | 1 | |
| Altar of Storms | 1 | |
| Orc Burrow | 4 | |
| Watch Tower | 23 | |
| Voodoo Lounge | 3 | |
| Stronghold | 1 | |
| Fortress | 1 | |
| Beastiary | 2 | |
| Barracks | 1 | |
37 total
» build order
00:05 War Mill
00:10 Altar of Storms
00:24 Orc Burrow
01:21 Watch Tower
02:05 Watch Tower
02:21 Voodoo Lounge
03:06 Watch Tower
03:14 Watch Tower
03:32 Watch Tower
03:38 Orc Burrow
04:16 Watch Tower
04:19 Watch Tower
04:56 Watch Tower
05:37 Stronghold
06:57 Watch Tower
06:58 Watch Tower
06:59 Watch Tower
07:00 Watch Tower
08:01 Fortress
08:29 Beastiary
08:29 Beastiary
08:33 Orc Burrow
12:24 Orc Burrow
15:46 Barracks
19:53 Voodoo Lounge
20:14 Watch Tower
20:15 Watch Tower
21:05 Watch Tower
21:06 Watch Tower
21:08 Watch Tower
21:11 Watch Tower
21:15 Watch Tower
22:30 Voodoo Lounge
22:32 Watch Tower
22:57 Watch Tower
25:54 Watch Tower
25:58 Watch Tower
» items
| Staff of Teleportation | 1 | |
| Boots of Speed | 1 | |
| Healing Salve | 3 | |
| Lesser Clarity Potion | 7 | |
| Potion of Invisibility | 1 | |
| Dust of Appearance | 1 | |
| Orb of Lightning | 1 | |
| Potion of Healing | 1 | |
16 total
yumyumjam (
purple | 119 APM | 4399 actions | 37:05)
6 Archmage
3 Blizzard
3 Brilliance Aura
5 Mountain King
3 Storm Bolt
2 Bash
5 Paladin
3 Holy Light
2 Divine Shield
» actions
| Assign group hotkey | 569 | |
| Basic commands | 19 | |
| Build / train | 125 | |
| Enter build submenu | 72 | |
| Enter hero's abilities submenu | 16 | |
| Give item / drop item | 4 | |
| Remove unit from queue | 3 | |
| Right click | 1823 | |
| Select / deselect | 349 | |
| Select group hotkey | 1121 | |
| Use ability | 297 | |
4399 total
» units
» upgrades
| Masonry | 3 | |
| Lumber Harvesting | 2 | |
| Magic Sentry | 1 | |
6 total
» buildings
| Altar of Kings | 1 | |
| Farm | 4 | |
| Lumber Mill | 1 | |
| Scout Tower | 64 | |
| Arcane Tower | 14 | |
| Guard Tower | 36 | |
| Keep | 3 | |
| Arcane Vault | 2 | |
| Castle | 1 | |
| Arcane Sanctum | 1 | |
| Town Hall | 4 | |
131 total
» build order
00:04 Altar of Kings
00:33 Farm
00:48 Lumber Mill
00:56 Farm
01:19 Farm
01:50 Scout Tower
02:18 Arcane Tower
02:19 Scout Tower
02:50 Guard Tower
02:53 Scout Tower
02:54 Scout Tower
03:20 Guard Tower
03:22 Scout Tower
03:46 Guard Tower
03:52 Scout Tower
03:58 Scout Tower
04:30 Guard Tower
04:46 Keep
04:46 Keep
05:55 Arcane Vault
07:16 Farm
07:19 Castle
07:24 Scout Tower
07:26 Scout Tower
07:27 Scout Tower
08:00 Guard Tower
08:02 Arcane Sanctum
08:37 Town Hall
08:39 Guard Tower
08:41 Scout Tower
08:41 Scout Tower
08:48 Scout Tower
08:48 Scout Tower
08:49 Scout Tower
08:51 Scout Tower
08:52 Scout Tower
08:52 Scout Tower
08:57 Scout Tower
08:58 Scout Tower
09:03 Scout Tower
09:04 Scout Tower
09:07 Scout Tower
09:12 Arcane Tower
09:16 Arcane Tower
09:16 Arcane Tower
09:30 Guard Tower
09:36 Scout Tower
09:43 Guard Tower
09:47 Guard Tower
10:09 Guard Tower
10:30 Guard Tower
10:56 Scout Tower
10:56 Scout Tower
11:26 Guard Tower
11:30 Scout Tower
11:33 Scout Tower
11:41 Arcane Tower
11:41 Arcane Tower
11:41 Arcane Tower
12:00 Guard Tower
12:57 Scout Tower
13:10 Guard Tower
13:44 Town Hall
13:55 Scout Tower
13:56 Scout Tower
13:56 Scout Tower
13:58 Scout Tower
13:59 Scout Tower
13:59 Scout Tower
14:01 Scout Tower
14:01 Scout Tower
14:03 Scout Tower
14:04 Scout Tower
14:06 Scout Tower
14:09 Scout Tower
14:11 Arcane Tower
14:24 Arcane Tower
14:25 Guard Tower
14:35 Guard Tower
14:53 Guard Tower
14:53 Guard Tower
14:54 Guard Tower
15:09 Guard Tower
15:19 Guard Tower
15:29 Guard Tower
15:31 Scout Tower
15:31 Scout Tower
15:40 Scout Tower
15:42 Scout Tower
15:50 Scout Tower
15:51 Scout Tower
16:09 Arcane Tower
16:09 Arcane Tower
16:51 Guard Tower
16:54 Guard Tower
16:57 Scout Tower
16:57 Scout Tower
17:03 Scout Tower
17:20 Arcane Vault
17:58 Guard Tower
20:57 Scout Tower
20:58 Scout Tower
21:02 Town Hall
21:06 Scout Tower
21:08 Scout Tower
21:09 Scout Tower
21:10 Scout Tower
21:10 Scout Tower
21:12 Scout Tower
21:13 Scout Tower
21:27 Guard Tower
21:28 Guard Tower
21:28 Guard Tower
21:51 Guard Tower
22:02 Guard Tower
22:34 Guard Tower
22:38 Scout Tower
22:40 Scout Tower
22:44 Scout Tower
22:53 Guard Tower
23:02 Scout Tower
23:05 Scout Tower
23:09 Arcane Tower
23:20 Guard Tower
23:29 Arcane Tower
23:29 Arcane Tower
23:32 Guard Tower
25:57 Guard Tower
28:16 Town Hall
» items
| Boots of Speed | 3 | |
| Staff of Teleportation | 3 | |
| Healing Salve | 3 | |
| Scroll of Regeneration | 3 | |
| Scroll of Town Portal | 1 | |
| Staff of Sanctuary | 2 | |
| Orb of Lightning | 3 | |
| Lesser Clarity Potion | 1 | |
| Circlet of Nobility | 1 | |
| Periapt of Vitality | 1 | |
21 total
team 2 (loser)
grandeprincipe (
green | 65 APM | 1651 actions | 25:23)
4 Death Knight
2 Death Coil
1 Unholy Aura
1 Death Pact
2 Lich
1 Frost Nova
1 Frost Armor
» actions
| Assign group hotkey | 52 | |
| Build / train | 60 | |
| Enter build submenu | 17 | |
| Enter hero's abilities submenu | 6 | |
| Give item / drop item | 1 | |
| Remove unit from queue | 2 | |
| Right click | 789 | |
| Select / deselect | 334 | |
| Select group hotkey | 326 | |
| Use ability | 64 | |
1651 total
» units
| Acolyte | 7 | |
| Ghoul | 4 | |
| Crypt Fiend | 6 | |
| Obsidian Statue | 5 | |
| Meatwagon | 3 | |
| Necromancer | 3 | |
28 total
» upgrades
| Web | 1 | |
| Burrow | 1 | |
| Destroyer Form | 1 | |
| Necromancer Training | 2 | |
5 total
» buildings
| Crypt | 1 | |
| Graveyard | 1 | |
| Altar of Darkness | 1 | |
| Ziggurat | 7 | |
| Tomb of Relics | 1 | |
| Nerubian Tower | 1 | |
| Halls of the Dead | 1 | |
| Spirit Tower | 5 | |
| Slaughterhouse | 1 | |
| Black Citadel | 1 | |
| Sacrificial Pit | 1 | |
| Temple of the Damned | 1 | |
| Boneyard | 1 | |
23 total
» build order
00:07 Crypt
00:11 Graveyard
00:35 Altar of Darkness
00:55 Ziggurat
01:08 Ziggurat
01:41 Tomb of Relics
01:59 Nerubian Tower
04:17 Ziggurat
05:37 Halls of the Dead
07:35 Ziggurat
08:47 Spirit Tower
08:53 Spirit Tower
10:27 Slaughterhouse
10:49 Ziggurat
11:43 Black Citadel
12:00 Ziggurat
12:55 Sacrificial Pit
13:09 Spirit Tower
16:22 Ziggurat
17:45 Spirit Tower
18:13 Temple of the Damned
18:21 Spirit Tower
22:41 Boneyard
» items
| Rod of Necromancy | 1 | |
| Dust of Appearance | 2 | |
| Scroll of Town Portal | 3 | |
| Potion of Healing | 1 | |
| Potion of Lesser Invulnerability | 1 | |
| Scroll of Protection | 1 | |
9 total
TheFinisher (
teal | 64 APM | 2365 actions | 37:04)
3 Priestess of the Moon
2 Trueshot Aura
1 Searing Arrows
2 Lich
2 Frost Nova
» actions
| Assign group hotkey | 30 | |
| Basic commands | 43 | |
| Build / train | 118 | |
| ESC pressed | 5 | |
| Enter build submenu | 57 | |
| Enter hero's abilities submenu | 5 | |
| Remove unit from queue | 2 | |
| Right click | 1039 | |
| Select / deselect | 535 | |
| Select group hotkey | 382 | |
| Use ability | 149 | |
2365 total
» units
| Wisp | 65 | |
| Huntress | 4 | |
| Glaive Thrower | 3 | |
| Dryad | 9 | |
| Necromancer | 7 | |
| Meatwagon | 4 | |
| Crypt Fiend | 5 | |
97 total
» upgrades
| Strength of the Moon | 1 | |
| Abolish Magic | 1 | |
| Reinforced Hides | 1 | |
| Strength of the Wild | 1 | |
| Nature's Blessing | 1 | |
| Skeletal Mastery | 1 | |
| Exhume Corpses | 1 | |
| Skeletal Longevity | 1 | |
8 total
» buildings
| Altar of Elders | 1 | |
| Moon Well | 9 | |
| Hunter's Hall | 1 | |
| Ancient of War | 2 | |
| Tree of Ages | 2 | |
| Ancient Protector | 31 | |
| Ancient of Wind | 1 | |
| Ancient of Lore | 2 | |
| Tree of Life | 2 | |
| Tree of Eternity | 3 | |
54 total
» build order
00:18 Altar of Elders
00:32 Moon Well
01:50 Hunter's Hall
01:55 Ancient of War
02:24 Ancient of War
02:37 Moon Well
02:48 Moon Well
03:11 Moon Well
03:24 Moon Well
04:31 Moon Well
07:21 Tree of Ages
07:38 Ancient Protector
08:25 Ancient Protector
08:38 Ancient Protector
09:24 Ancient Protector
10:57 Ancient of Wind
11:17 Ancient of Lore
11:26 Ancient Protector
11:51 Ancient Protector
12:07 Ancient Protector
12:28 Ancient Protector
13:20 Tree of Life
13:54 Ancient Protector
14:30 Ancient Protector
16:43 Tree of Life
16:45 Ancient Protector
16:47 Ancient Protector
16:50 Ancient Protector
17:00 Ancient Protector
17:03 Ancient Protector
17:10 Ancient Protector
17:22 Ancient Protector
17:28 Ancient Protector
17:45 Ancient Protector
18:42 Ancient Protector
18:44 Ancient Protector
19:23 Ancient Protector
19:26 Ancient Protector
20:58 Tree of Ages
21:09 Ancient Protector
21:12 Ancient Protector
21:14 Ancient Protector
23:19 Tree of Eternity
23:19 Tree of Eternity
23:19 Tree of Eternity
24:02 Ancient Protector
24:05 Ancient Protector
24:21 Ancient Protector
24:22 Ancient Protector
24:29 Ancient Protector
25:55 Ancient of Lore
31:57 Moon Well
32:08 Moon Well
33:48 Moon Well
Chat log
(06:41 / All) yumyumjam: woww
(06:44 / All) yumyumjam: what are yoi diong
(19:36 / All) yumyumjam: so you got to 26
(19:41 / All) yumyumjam: due to huntafiend
(19:46 / All) yumyumjam: yet you have no idea how to play this game
(20:02 / All) yumyumjam: i mean you're awful
(22:03 / All) yumyumjam: WOW you suck
(22:07 / All) yumyumjam: leave this game
(22:08 / All) yumyumjam: Noobs
(22:11 / All) yumyumjam: jesus
(22:17 / All) yumyumjam: shows you how stupid huntafiend is
(22:22 / All) yumyumjam: two bit shitnoobs like you can win a game
(22:29 / All) yumyumjam: sucking this bad
(24:45 / All) yumyumjam: WOWWW
(25:14 / All) yumyumjam: quit
(25:14 / All) yumyumjam: fuck
(25:32 / All) yumyumjam: you lost
(25:33 / All) yumyumjam: to heroes
(25:35 / All) yumyumjam: i made 0 units
(25:43 / All) yumyumjam: stop doing huntafiend every fucking game
(25:46 / All) yumyumjam: maybe learn something
(27:00 / All) yumyumjam: without huntafiend you wouldn't win a single game
(27:02 / All) yumyumjam: how does that feel
(27:52 / All) yumyumjam: hahah
(30:04 / All) yumyumjam: bye noob
(31:32 / All) yumyumjam: REALLY?
(31:34 / All) yumyumjam: how dumb are ytou
(32:00 / All) yumyumjam: 4 heroes
(32:02 / All) yumyumjam: 4 heroes
(33:21 / All) yumyumjam: I wonder how many games you've played
(33:25 / All) yumyumjam: and still you're this bad
(33:36 / All) nutsonyochin.de: 1000/....... 10000..,.,.,.,.,. 100000,.,.,,
(33:40 / All) nutsonyochin.de: stop me when i get close
(33:44 / All) yumyumjam: I guess just making hunts out of 2 aows and clicking attack move isn't all that helpful
(35:54 / All) nutsonyochin.de: cya..
(35:55 / All) yumyumjam: "fuck those noobs... making fun of my huntafiend.. I'll stay in the game"
(35:57 / All) nutsonyochin.de: http://highper.ch
(35:59 / All) yumyumjam: "that'll show them"
(36:28 / All) yumyumjam: Maybe the one you should be angry with is yourself
(36:29 / All) nutsonyochin.de: cya later alligator
(36:33 / All) yumyumjam: for doing stupid noob strats every game
(36:36 / All) yumyumjam: so you don't learn anything
(37:03 / All) nutsonyochin.de: bye